 Dungeon Crawl Stone Soup version 0.31.0-32-g396128a36d (webtiles) character file.

Game seed: 6918911039907144514

767 Troublemaker the Changeling (level 7, -2/57 HPs)
             Began as a Black Draconian Shapeshifter on Mar 29, 2024.
             Incinerated by a bombardier beetle (5 damage)
             ... with a burning spray
             ... on level 5 of the Dungeon.
             The game lasted 00:05:33 (4008 turns).

Troublemaker the Changeling (DrSh)                  Turns: 4008, Time: 00:05:34

Health: -2/57      AC:  6    Str: 22    XL:     7   Next: 52%
Magic:  7/7        EV: 12    Int: 12    God:
Gold:   49         SH:  0    Dex: 11    Spells: 6/6 levels left

rFire   . . .        r - +8 trident of Beogh's Outrage {distort, rPois}
rCold   . . .        (no shield)
rNeg    . . .        (body armour unavailable)
rPois   +            (helmet currently unavailable)
rElec   +            (cloak currently unavailable)
rCorr   .            (gloves currently unavailable)
SInv    .            (boots currently unavailable)
Will    .....        (no amulet)
Stlth   +            S - +6 ring of strength
HPRegen 0.29/turn    (no ring)
MPRegen 0.10/turn

%: no passive effects
@: mighty, on fire, beast-form, glowing
A: beast (slay +3), breathe lightning, AC +6, unfitting armour, electricity
resistance, cold-blooded
a: Breathe Lightning, Begin Untransformation


You were on level 5 of the Dungeon.
You were a hulking beast.
You visited 1 branch of the dungeon, and saw 5 of its levels.

You collected 244 gold pieces.
You spent 195 gold pieces at shops.


Innate Abilities, Weirdness & Mutations

You are a hulking beast.
Your limbs bulge with bestial killing power. (Slay +3)
You can breathe wild blasts of lightning.
Your glossy black scales are hard. (AC +6)
You cannot fit into any form of body armour.
You are resistant to electric shocks. (rElec)
You are cold-blooded and may be slowed by cold attacks.


   Skills:
 - Level 3.0 Fighting
 + Level 5.4 Polearms
 - Level 1.7 Dodging
 - Level 3.0 Unarmed Combat
 - Level 6.0 Shapeshifting


You had 6 spell levels left.
You didn't know any spells.
Your spell library contained the following spells:

 Spells                   Type           Power      Damage    Failure   Level
 Magic Dart               Conj           0%         1d3       32%         1
 Blink                    Tloc           0%         N/A       45%         2
 Call Imp                 Summ           0%         N/A       45%         2
 Dazzling Flash           Conj/Hex       0%         N/A       69%         3
 Volatile Blastmotes      Fire/Tloc      0%         2d10      69%         3
 Leda's Liquefaction      Alch/Erth      0%         N/A       97%         4
 Lee's Rapid Deconstruct  Erth           0%         3d4*      100%        5
 Bombard                  Conj/Erth      0%         9d1       100%        6
 Starburst                Conj/Fire      0%         6d3       100%        6
 Maxwell's Capacitive Co  Air            0%         ∞         100%        8

Inventory:

Hand Weapons
 r - the +8 trident of Beogh's Outrage (weapon) {distort, rPois}
   (You bought it in a shop on level 1 of the Dungeon)

   rPois:     It protects you from poison
Missiles
 p - 6 poisoned darts (quivered)
Armour
 i - a +0 pair of boots
 s - a scarf of shadows
Jewellery
 S - a +6 ring of strength (left hand)
Talismans
 b - a beast talisman
 c - a flux talisman
Wands
 k - a wand of acid (8)
Scrolls
 e - a scroll of enchant weapon {unknown}
 l - a scroll of enchant armour {unknown}
 m - 6 scrolls of identify {unknown}
 n - a scroll of fog {unknown}
 q - 3 scrolls of vulnerability {unknown}
Potions
 a - 3 potions of lignification
 d - 2 potions of heal wounds {unknown}
 f - a potion of attraction {unknown}
 h - a potion of might
 j - a potion of berserk rage {unknown}
 o - a potion of degeneration {unknown}

Dungeon Overview and Level Annotations

Branches:
Dungeon (5/15)
 Temple: D:4-7

Altars:
Qazlal
Sif Muna
The Shining One

Shops:
D:1 (   D:4 [

Annotations:
D:4 Eustachio

........# ...#..####
.......#.# .........# ##
......#.....###.##
......#.....##...###
......# #...#......###
..#..................#
..#......##.....h..$#
.........##........##
#.........#.....†###
######...........).####
###.#..###......#..#..####
##....# ###....##.......#
......# ##.............
......## #.####....##..
.......# ####.###........#


There were no monsters in sight!


Message History

* * * LOW HITPOINT WARNING * * *
Unknown command.
The liquid fire burns you!
* * * LOW HITPOINT WARNING * * *
Unknown command.
The liquid fire burns you!
* * * LOW HITPOINT WARNING * * *
Unknown command.
It was a potion of curing.
You feel better. The liquid fire burns you!
* * * LOW HITPOINT WARNING * * *
The liquid fire burns you!
* * * LOW HITPOINT WARNING * * *
Unknown command.
The liquid fire burns you!
* * * LOW HITPOINT WARNING * * *
Unknown command.
You feel better. The liquid fire burns you!
* * * LOW HITPOINT WARNING * * *
The liquid fire burns you!
* * * LOW HITPOINT WARNING * * *
Unknown command.
The liquid fire burns you!
* * * LOW HITPOINT WARNING * * *
Unknown command.
It was a potion of might.
You feel very mighty all of a sudden. The liquid fire burns you!
You die...

Skill      XL: |  1  2  3  4  5  6  7 |
---------------+----------------------+-----
Fighting       | 2 3 |  3.0
Shapeshifting  | 4 5 6 |  6.0
Polearms       | 1 4 5 |  5.4
Dodging        | |  1.7
Unarmed Combat | |  3.0

Action                     |  1- 3 |  4- 6 |  7- 9 || total
---------------------------+-------+-------+-------++-------
  Melee: Unarmed           |    83 |   121 |       ||   204
         Tailslap          |     9 |    20 |     1 ||    30
         Punch             |     1 |     6 |       ||     7
         Trident           |       |    31 |    14 ||    45
    Use: Potion            |       |       |     3 ||     3
   Stab: Sleeping          |     1 |       |       ||     1
 Armour: Skin              |    41 |    99 |     7 ||   147
  Dodge: Dodged            |    47 |   110 |     9 ||   166

Levels and vault maps discovered:
D:1:      wander_arrival_lonely_grave, layout_basic, serial_shops, shop,
          minmay_tetromino_o4
D:2:      layout_loops_cross
D:3:      layout_basic, nicolae_qazlal_style_of_elements,
          mainiacjoe_overflow_swirl, shapermc_ecumenical_altar_acropolis
D:4:      layout_cave_pods, serial_shops, shop, uniq_eustachio
D:5:      gammafunk_wand_slinger, layout_cave_pools, uniq_ijyb

Notes
Turn   | Place    | Note
-------+----------+-------------------------------------------
     0 | D:1      | Troublemaker the Draconian Shapeshifter began the quest for
                  | the Orb.
     0 | D:1      | Reached XP level 1. HP: 16/16 MP: 1/1
    64 | D:1      | Reached skill level 2 in Fighting
   117 | D:1      | Reached XP level 2. HP: 21/25 MP: 2/2
   356 | D:1      | Found Cagh's Antique Weapon Emporium.
   404 | D:1      | Reached skill level 3 in Fighting
   796 | D:2      | Reached XP level 3. HP: 31/31 MP: 3/3
  1062 | D:2      | Reached skill level 4 in Shapeshifting
  1062 | D:2      | Reached XP level 4. HP: 17/38 MP: 4/4
  1733 | D:3      | Found a glowing golden altar of the Shining One.
  1785 | D:3      | Found a faded altar of an unknown god.
  1890 | D:3      | Reached XP level 5. HP: 44/45 MP: 5/5
  1914 | D:3      | Reached skill level 5 in Shapeshifting
  2119 | D:3      | Noticed a fire elemental
  2121 | D:3      | Found a stormy altar of Qazlal.
  2123 | D:3      | Noticed an air elemental
  2123 | D:3      | Noticed a water elemental
  2183 | D:3      | Found a shimmering blue altar of Sif Muna.
  2342 | D:4      | Noticed Eustachio
  2837 | D:4      | Found Nalom's Armour Shoppe.
  3019 | D:1      | Bought an encrusted trident for 195 gold pieces
  3019 | D:1      | Identified the +8 trident of Beogh's Outrage {distort,
                  | rPois} (You bought it in a shop on level 1 of the Dungeon)
  3275 | D:4      | Noticed an ogre
  3278 | D:4      | Killed an ogre
  3279 | D:4      | Reached skill level 1 in Polearms
  3279 | D:4      | Reached XP level 6. HP: 51/51 MP: 6/6
  3394 | D:5      | Entered Level 5 of the Dungeon
  3394 | D:5      | Noticed Ijyb
  3400 | D:5      | Killed Ijyb
  3643 | D:5      | Reached skill level 2 in Polearms
  3709 | D:5      | Reached skill level 6 in Shapeshifting
  3714 | D:5      | Reached skill level 3 in Polearms
  3824 | D:5      | Reached skill level 4 in Polearms
  3824 | D:5      | Your scales start taking on a glossy black colour.
  3824 | D:5      | Reached XP level 7. HP: 57/57 MP: 7/7
  3824 | D:5      | Gained mutation: You are resistant to electric shocks.
                  | (rElec) [Black Draconian growth]
  3985 | D:5      | Reached skill level 5 in Polearms
  4001 | D:5      | HP: 5/57 [burnt (3)]
  4007 | D:5      | HP: 3/57 [burnt (4)]
  4008 | D:5      | Incinerated by a bombardier beetle

Vanquished Creatures
  An ogre (D:4)
  A black bear (D:5)
  A centaur (D:5)
  A phantom (D:5)
  A bombardier beetle (D:5)
  2 hounds (D:5)
  3 orc priests
  Ijyb (D:5)
  3 gnolls (D:3)
  9 adders
  3 dart slugs
  2 ribbon worms
  11 orcs
  6 ball pythons
  7 endoplasms
  A giant cockroach (D:4)
  14 goblins
  6 hobgoblins
  12 jackals
  6 kobolds
  4 quokkas
  3 bats
  A frilled lizard (D:1)
  5 rats
104 creatures vanquished.

Table legend: (Time is in decaauts)
 A = Elapsed time spent in this place.
 B = Non-inter-level travel time spent in this place.
 C = Inter-level travel time spent in this place.
 D = Time resting spent in this place.
 E = Time spent auto-exploring this place.
 F = Levels seen in this place.
 G = Mean time per level.
                   A        B        C        D        E       F      G
               +--------+--------+--------+--------+--------+-----+--------+
         Total |   4014 |   3674 |    340 |    449 |   2595 |   5 |  802.8 |
       Dungeon |   4014 |   3674 |    340 |    449 |   2595 |   5 |  802.8 |
               +--------+--------+--------+--------+--------+-----+--------+

Top non-repeatable levels by time:
     D:4: 1150 daAuts
     D:3: 912 daAuts
     D:2: 869 daAuts
     D:1: 755 daAuts
     D:5: 326 daAuts

Table legend:
 A = Non-vault XP
 B = Vault XP
 C = Vault XP percentage of total XP
 D = Non-vault monster count
 E = Vault monster count
 F = Vault count percentage of total count
                 A         B        C        D         E       F
            +---------+---------+-------+---------+---------+-------
      Total |    1056 |      40 |   3.6 |     101 |       4 |   3.8
            +---------+---------+-------+---------+---------+-------
        D:1 |      25 |       5 |  16.7 |      14 |       3 |  17.6
        D:2 |      92 |       0 |   0.0 |      25 |       0 |   0.0
        D:3 |     111 |       0 |   0.0 |      21 |       0 |   0.0
        D:4 |     225 |       0 |   0.0 |      24 |       0 |   0.0
        D:5 |     603 |      35 |   5.5 |      17 |       1 |   5.6
            +---------+---------+-------+---------+---------+-------
